 Dungeon Crawl Stone Soup version 0.21-a0-39-g28ea6b7 (webtiles) character file.

247 tilp the Firebug (level 6, -1/45 HPs)
             Began as a Hill Orc Fire Elementalist on May 30, 2017.
             Slain by Multipenetrator's ghost (7 damage)
             ... on level 4 of the Dungeon.
             The game lasted 00:12:13 (4592 turns).

tilp the Firebug (Hill Orc Fire Elementalist)       Turns: 4592, Time: 00:12:13

Health: -1/45      AC:  3    Str: 11    XL:     6   Next: 11%
Magic:  1/11       EV: 11    Int: 17    God:
Gold:   170        SH:  0    Dex: 11    Spells: 1/11 levels left

rFire    . . .     SeeInvis .   d - +0 short sword
rCold    . . .     Gourm    .   (no shield)
rNeg     . . .     Faith    .   r - +0 leather armour
rPois    .         Spirit   .   (no helmet)
rElec    .         Reflect  .   (no cloak)
rCorr    .         Harm     .   (no gloves)
MR       .....                  (no boots)
Stlth    +.........             (no amulet)
Regen    0.2/turn               (no ring)
MPRegen  0.2/turn               (no ring)

@: sleeping, glowing
A: no striking features
a: no special abilities


You were on level 4 of the Dungeon.
You were not hungry.

You visited 1 branch of the dungeon, and saw 4 of its levels.

You collected 170 gold pieces.

Inventory:

Hand Weapons
 d - a +0 short sword (weapon)
 u - a +0 flail
Missiles
 q - 8 tomahawks (quivered)
Armour
 a - a +0 robe
 r - a +0 leather armour (worn)
Jewellery
 w - an uncursed amulet of regeneration {unknown}
Scrolls
 f - a scroll of enchant armour {unknown}
 g - 2 scrolls of amnesia {unknown}
 j - a scroll of noise {unknown}
 m - a scroll of blinking {unknown}
 o - a scroll of recharging {unknown}
 p - a scroll of immolation {unknown}
 t - a scroll of teleportation {unknown}
 v - a scroll of remove curse
Potions
 e - 2 potions of ambrosia {unknown}
 h - 2 potions of agility {unknown}
 i - 3 potions of haste {unknown}
 k - a potion of mutation {unknown}
 n - a potion of degeneration {unknown}
 s - a potion of curing {unknown}
Books
 b - a book of Flames

   Spells                             Type                      Level
   a - Flame Tongue                   Conjuration/Fire             1
   b - Throw Flame                    Conjuration/Fire             2
   c - Conjure Flame                  Conjuration/Fire             3
   d - Inner Flame                    Hexes/Fire                   3
   e - Sticky Flame                   Conjuration/Fire             4
   f - Fireball                       Conjuration/Fire             5
Comestibles
 c - 5 bread rations
 l - 2 fruits


   Skills:
 - Level 1.5 Dodging
 - Level 1.5 Stealth
 * Level 3.4 Spellcasting
 * Level 2.8 Conjurations
 + Level 4.8 Fire Magic


You had one spell level left.
You knew the following spells:

 Your Spells              Type           Power        Failure   Level  Hunger
a - Flame Tongue          Conj/Fire      ###..        4%          1    None
b - Throw Flame           Conj/Fire      ###...       7%          2    ##.....
c - Conjure Flame         Conj/Fire      ###.....     14%         3    ###....
d - Sticky Flame          Conj/Fire      ###.....     41%         4    ####...


Dungeon Overview and Level Annotations

Branches:
Dungeon (4/15)
 Temple: D:4-7

Altars:

Annotations:
D:4 Multipenetrator's ghost, amateur DEEn


Message History

Multipenetrator's ghost is severely damaged.
Multipenetrator's ghost points at you and mumbles some strange words.
You resist with significant effort.
You barely miss Multipenetrator's ghost.
Multipenetrator's ghost is severely damaged.
Multipenetrator's ghost hits you.
You closely miss Multipenetrator's ghost.
Multipenetrator's ghost is severely damaged.
Multipenetrator's ghost gestures at you while chanting.
You fall asleep.
Multipenetrator's ghost hits you but does no damage.
Multipenetrator's ghost hits you!
You wake up.
* * * LOW HITPOINT WARNING * * *
Okay, then.
Multipenetrator's ghost points at you and mumbles some strange words.
You resist with significant effort.
Multipenetrator's ghost points at you and mumbles some strange words.
You fall asleep.
Multipenetrator's ghost hits you!
You die...

#..............#
#......#######.#
#.......<..# #.#
#...)..###.# #.#
######.... # #.#
###### #.# #.#
####.##########.#
.............W@.#
.....############
O.. .


You could see Multipenetrator's ghost.

Vanquished Creatures
  The ghost of tilp the Firebug, an amateur HOFE (D:3)
  An orc priest (D:3)
  5 adders
  2 oozes
  4 worms
  4 dart slugs
  A leopard gecko (D:2)
  3 orcs (D:3)
  3 ball pythons
  6 bats
  5 giant cockroaches
  10 goblins
  4 hobgoblins
  2 jackals
  3 kobolds
  4 frilled lizards
  8 rats
66 creatures vanquished.

Notes
Turn   | Place    | Note
-------+----------+-------------------------------------------
     0 | D:1      | tilp the Hill Orc Fire Elementalist began the quest for the Orb.
     0 | D:1      | Reached XP level 1. HP: 14/14 MP: 3/3
   226 | D:1      | Reached XP level 2. HP: 17/20 MP: 0/4
   508 | D:1      | Reached XP level 3. HP: 21/26 MP: 3/6
   757 | D:1      | Reached skill level 4 in Fire Magic
  1806 | D:2      | Reached XP level 4. HP: 17/33 MP: 2/7
  2006 | D:2      | Learned a level 2 spell: Throw Flame
  2010 | D:2      | Learned a level 3 spell: Conjure Flame
  2369 | D:2      | Found a faded altar of an unknown god.
  3072 | D:3      | Noticed tilp's ghost (amateur HOFE)
  3447 | D:3      | Reached XP level 5. HP: 30/38 MP: 9/9
  4161 | D:3      | Noticed a centaur
  4357 | D:3      | Killed tilp's ghost
  4357 | D:3      | Reached XP level 6. HP: 39/45 MP: 2/11
  4493 | D:3      | Learned a level 4 spell: Sticky Flame
  4561 | D:4      | Noticed Multipenetrator's ghost (amateur DEEn)
  4592 | D:4      | Slain by Multipenetrator's ghost

Vault maps used:
D:1:      scummos_arrival_hexagon, minmay_pentomino_r4
D:2:      first_bread, chequers_ecumenical_altar_lobes
D:4:      grunt_temple_overflow_open, minmay_temple_entry_overgrown

Skill      XL: |  1  2  3  4  5 |
---------------+----------------+-----
Spellcasting   | 2 3 |  3.4
Fire Magic     | 4 |  4.8
Conjurations   | 2 |  2.8
Dodging        | |  1.5
Stealth        | |  1.5

Action                   |  1- 3 |  4- 6 || total
-------------------------+-------+-------++-------
Melee: Short sword       |    67 |    84 ||   151
 Cast: Flame Tongue      |    31 |    31 ||    62
       Throw Flame       |       |    27 ||    27
  Use: Scroll            |     1 |     1 ||     2
 Stab: Sleeping          |     3 |     2 ||     5
  Eat: Chunk             |     3 |     8 ||    11
       Meat ration       |       |     1 ||     1
Armor: Robe              |    16 |    15 ||    31
       Leather armour    |       |     4 ||     4
Dodge: Dodged            |    45 |    46 ||    91
